 Dungeon Crawl Stone Soup version 0.31-a0-115-g4708a659fe (webtiles) character file.

Game seed: 7412325258612903639

34 tilp the Cudgeller (level 3, 0/33 HPs)
             Began as a Meteoran Cinder Acolyte on May 29, 2023.
             Was a High Priest of Ignis.
             Slain by a gnoll
             ... wielding a +0 flail
              (7 damage)
             ... on level 1 of the Dungeon.
             The game lasted 00:02:16 (369 turns).

tilp the Cudgeller (Meteoran Cinder Acolyte)         Turns: 369, Time: 00:02:16

Health: 0/33       AC:  2    Str: 17    XL:     3   Next: 73%
Magic:  6/6        EV: 16    Int: 16    God:    Ignis [*****.]
Gold:   25         SH:  0    Dex:  9    Spells: 4/4 levels left

rFire   + . .        a - -1 mace (flame)
rCold   . . .        (no shield)
rNeg    . . .        b - +0 robe
rPois   .            (no helmet)
rElec   .            (no cloak)
rCorr   .            (no gloves)
SInv    .            (no boots)
Will    .....        (no amulet)
Stlth   +            i - +5 ring of evasion
HPRegen 0.25/turn    j - ring of flight
MPRegen 0.10/turn

%: no passive effects
@: flying, glowing
A: sense surroundings 1, otherworldly, glowing, explore regen
a: Renounce Religion, Fiery Armour, Foxfire Swarm, Rising Flame


You were on level 1 of the Dungeon.
You worshipped Ignis.
Ignis was extremely pleased with you.
You visited 1 branch of the dungeon, and saw 2 of its levels.

You collected 25 gold pieces.

Inventory:

Hand Weapons
 a - a -1 mace of flaming (weapon)
 e - a +0 flail
Armour
 b - a +0 robe (worn)
Jewellery
 i - a +5 ring of evasion (left hand)
 j - a ring of flight (right hand)
Scrolls
 c - a scroll of magic mapping {unknown}
 d - 2 scrolls of blinking {unknown}
 g - 2 scrolls of identify {unknown}
 k - 2 scrolls of teleportation {unknown}
Potions
 f - a potion of enlightenment {unknown}
 h - a potion of ambrosia {unknown}


   Skills:
 * Level 4.1 Fighting
 + Level 4.5 Maces & Flails
 + Level 1.4 Dodging
 - Level 1.3 Spellcasting
 - Level 3.6 Fire Magic


You had 4 spell levels left.
You didn't know any spells.
Your spell library contained the following spells:

 Spells                   Type           Power      Damage    Failure   Level
 Scorch                   Fire           24%        2d6       8%          2
 Ensorcelled Hibernation  Hex/Ice        2%         N/A       32%         2
 Spider Form              Tmut/Pois      1%         N/A       54%         3
 Anguish                  Hex/Necr       0%         N/A       91%         4


Dungeon Overview and Level Annotations

Branches:
Dungeon (2/15) Zot: 816

Altars:
Qazlal


Innate Abilities, Weirdness & Mutations

You passively map a small area around you.
You are easily found by Zot.
You glow in the dark.
You regain HP and MP as you explore.


Message History

You see here a ball python corpse.
There is a stone staircase leading up here.
HP restored.
You fly upwards.
There is a stone staircase leading down here.
Unknown command.
You fly downwards.
There is a stone staircase leading up here.
There is a stone staircase leading up here.
You fly upwards.
Found a scroll labelled VEGGEOTIWE and 22 gold pieces.
There is a stone staircase leading down here.
Unknown command.
You hit the gnoll. You burn the gnoll.
The gnoll is moderately wounded.
The gnoll hits you with a +0 flail!
You hit the gnoll. You burn the gnoll.
The gnoll is heavily wounded.
The gnoll hits you with a +0 flail!
You barely miss the gnoll.
The gnoll is heavily wounded.
The gnoll hits you with a +0 flail!
* * * LOW HITPOINT WARNING * * *
You barely miss the gnoll.
The gnoll is heavily wounded.
The gnoll barely misses you.
You barely miss the gnoll.
The gnoll is heavily wounded.
The gnoll misses you. x2
You barely miss the gnoll.
The gnoll is heavily wounded.
The gnoll hits you with a +0 flail.
* * * LOW HITPOINT WARNING * * *
You hit the gnoll but do no damage.
The gnoll is heavily wounded.
The gnoll barely misses you.
You closely miss the gnoll.
The gnoll is heavily wounded.
The gnoll hits you with a +0 flail!
You die...

...........#...# *
...........+.... ,
...........#....** *
#######....##.#.##
...........##....####
........#### #......#
....#...#, ,+..>...#
....#...# #......#
....#...# #..@?..#
.####...## #..g...#
.###.._..## #......#
.##.....).# #......#
##...###...# #..$...#
#...## ##...##.##.###
...## #...#≈* .# ...#
....≈, ..* ####
####≈.,


You could see a gnoll.

Vanquished Creatures
  2 gnolls (D:1)
  3 bats (D:1)
  3 hobgoblins
  5 ball pythons
  A frilled lizard (D:1)
  3 rats (D:1)
17 creatures vanquished.

Notes
Turn   | Place    | Note
-------+----------+-------------------------------------------
     0 | D:1      | tilp the Meteoran Cinder Acolyte began the quest for the
                  | Orb.
     0 | D:1      | Reached XP level 1. HP: 19/19 MP: 3/3
    97 | D:1      | Reached skill level 1 in Dodging
    97 | D:1      | Reached XP level 2. HP: 23/27 MP: 5/5
   138 | D:1      | Reached XP level 3. HP: 24/33 MP: 6/6
   230 | D:1      | Found a faded altar of an unknown god.
   257 | D:1      | You are sucked into a shaft and drop 1 floor!
   325 | D:2      | Found a stormy altar of Qazlal.
   369 | D:1      | Slain by a gnoll

Illustrated notes

Levels and vault maps discovered:
D:1:      dpeg_arrival_windows_large_door, layout_basic,
          hellmonk_ecumenical_altar_crossroads, serial_rivers,
          chequers_serial_rivers_small_b, chequers_serial_rivers_marsh,
          chequers_serial_rivers_micro_c, chequers_serial_rivers_room_b,
          chequers_serial_rivers_micro_e, chequers_serial_rivers_small_3
D:2:      layout_basic, serial_shops, shop, basic_altar, serial_bayou_lagoon_b

Skill      XL: |  1  2  3 |
---------------+----------+-----
Dodging        | 1 |  1.4
Fighting       | 4 |  4.1
Maces & Flails | |  4.5
Spellcasting   | |  1.3
Fire Magic     | |  3.6

Action                     || total
---------------------------++-------
  Melee: Mace              ||    61
 Armour: Robe              ||     8
  Dodge: Dodged            ||    37

Table legend: (Time is in decaauts)
 A = Elapsed time spent in this place.
 B = Non-inter-level travel time spent in this place.
 C = Inter-level travel time spent in this place.
 D = Time resting spent in this place.
 E = Time spent auto-exploring this place.
 F = Levels seen in this place.
 G = Mean time per level.
                   A        B        C        D        E       F      G
               +--------+--------+--------+--------+--------+-----+--------+
         Total |    382 |    382 |      0 |      0 |      0 |   2 |  191.0 |
       Dungeon |    382 |    382 |      0 |      0 |      0 |   2 |  191.0 |
               +--------+--------+--------+--------+--------+-----+--------+

Top non-repeatable levels by time:
     D:1: 276 daAuts
     D:2: 106 daAuts
